 Dungeon Crawl Stone Soup version 0.28.0-53-g5a82cb258f (webtiles) character file.

Game seed: 16357178739197696333

19 LynnLen the Sneak (level 2, -3/15 HPs)
             Began as a Vampire Enchanter on Aug 16, 2022.
             Slain by an adder (4 damage)
             ... on level 2 of the Dungeon.
             The game lasted 00:02:31 (1201 turns).

LynnLen the Sneak (Vampire Enchanter)               Turns: 1201, Time: 00:02:32

Health: -3/15      AC:  3    Str:  7    XL:     2   Next: 55%
Magic:  5/5        EV: 12    Int: 17    God:
Gold:   59         SH:  0    Dex: 14    Spells: 5/5 levels left

rFire   + . .      SeeInvis +   a - +2 dagger
rCold   + + +      Faith    .   (no shield)
rNeg    + + +      Spirit   .   b - +1 robe
rPois   ∞          Reflect  .   (no helmet)
rElec   +          Harm     .   (no cloak)
rCorr   +          Rampage  .   (no gloves)
Will    .....                   (no boots)
Stlth   +++++.....              (no amulet)
HPRegen 0.00/turn               (no ring)
MPRegen 0.09/turn               (no ring)

@: resistant, bloodless, inhibited regen
A: bloodless, fangs 3, see invisible, vampiric 1
a: Revivify


You were on level 2 of the Dungeon.
You visited 1 branch of the dungeon, and saw 2 of its levels.

You collected 59 gold pieces.

Inventory:

Hand Weapons
 a - a +2 dagger (weapon)
Armour
 b - a +1 robe (worn)
Scrolls
 e - 2 scrolls of torment
Potions
 c - a potion of invisibility


   Skills:
 + Level 2.1 Short Blades
 - Level 2.1 Dodging
 + Level 5.3 Stealth
 - Level 2.0 Spellcasting
 - Level 4.4 Hexes


You had 5 spell levels left.
You didn't know any spells.
Your spell library contained the following spells:

 Spells                   Type           Power      Damage    Failure   Level
 Confusing Touch          Hex            16%        N/A       10%         3
 Tukima's Dance           Hex            16%        N/A       10%         3
 Ensorcelled Hibernation  Hex/Ice        18%        N/A       12%         2
 Dazzling Flash           Conj/Hex       18%        N/A       24%         3


Dungeon Overview and Level Annotations

Branches:
Dungeon (2/15)

Altars:


Innate Abilities, Weirdness & Mutations

You do not regenerate when monsters are visible.
You are frail without blood (-20% HP).
You can heal yourself when you bite living creatures.
You are immune to poison.
You have razor-sharp teeth.
You have supernaturally acute eyesight. (SInv)
You are afflicted with vampirism.


Message History

It was a scroll of fear.
Okay, then.
You open the door.
There is an open door here.
There is an open door here.
There is an open door here.
You see here a hobgoblin skeleton.
There is an open door here.
You see here a rat skeleton.
You see here a rat skeleton.
There is a stone staircase leading down here.
You climb downwards.
There is a stone staircase leading up here.
A hobgoblin comes into view.
An adder comes into view.
The helpless hobgoblin fails to defend itself.
You bite the hobgoblin, and draw its blood!
You impale the hobgoblin!!
You kill the hobgoblin!
Found a stone staircase leading down.
The adder hisses angrily.
You barely miss the adder. The adder bites you.
You hit the adder. Your punch misses the adder. Your bite misses the adder.
The adder is lightly wounded.
The adder bites you.
You hit the adder.
The adder is moderately wounded.
The adder bites you.
You miss the adder.
The adder is moderately wounded.
The adder bites you. x2
* * * LOW HITPOINT WARNING * * *
You hit the adder.
The adder is heavily wounded.
The adder bites you.
* * * LOW HITPOINT WARNING * * *
It was a potion of resistance.
You feel protected. The adder bites you.
You die...

#.## #.##<#.#.#
#....##........###
#..............
#..####..#..###
#.. #.....### #..
#........ ...
#........
..#.#####..^#####
.P....S@....#
.......###.#.#
#.### #.#.# #.#.#
#.#.# ..# #.# .>


You could see an adder.

Vanquished Creatures
  2 dart slugs (D:1)
  2 goblins (D:1)
  3 hobgoblins
  A kobold (D:1)
  A quokka (D:1)
  A ball python (D:1)
  2 bats (D:1)
  A frilled lizard (D:1)
  A rat (D:1)
14 creatures vanquished.

Notes
Turn   | Place    | Note
-------+----------+-------------------------------------------
     0 | D:1      | LynnLen the Vampire Enchanter began the quest for the Orb.
     0 | D:1      | Reached XP level 1. HP: 13/13 MP: 3/3
   368 | D:1      | Reached skill level 5 in Stealth
   368 | D:1      | Reached XP level 2. HP: 14/15 MP: 5/5
  1201 | D:2      | Slain by an adder

Illustrated notes

Levels and vault maps discovered:
D:1:      dpeg_arrival_houses_and_road, layout_loops_corners,
          minmay_pentomino_x2
D:2:      layout_loops_ring, basic_altar,
          chequers_ecumenical_altar_simple_redux, serial_undead,
          serial_undead_e, serial_undead_a, serial_undead_a, serial_undead_f,
          uniq_crazy_yiuf_cottage

Skill      XL: |  1  2 |
---------------+-------+-----
Stealth        | 5 |  5.3
Short Blades   | 2 |  2.1
Dodging        | |  2.1
Spellcasting   | |  2.0
Hexes          | |  4.4

Action                   || total
-------------------------++-------
Melee: Dagger            ||    43
       Bite              ||     3
       Punch             ||     1
 Abil: Exsanguinate      ||     1
  Use: Scroll            ||     4
       Potion            ||     1
 Stab: Sleeping          ||     9
Armor: Robe              ||    13
Dodge: Dodged            ||    18
